 Dungeon Crawl Stone Soup version 0.30-a0-777-ga9a30cbeda (webtiles) character file.

Game seed: 10479086947948797233

57694 sanka the Wrestler (level 14, -12/143 HPs)
             Began as a Troll Fighter on Feb 14, 2023.
             Was a High Priest of Okawaru.
             Hit by a large rock thrown by a stone giant (22 damage)
             ... on level 1 of the Depths.
             The game lasted 00:33:58 (15388 turns).

sanka the Wrestler (Troll Fighter)                 Turns: 15388, Time: 00:33:59

Health: -12/143    AC: 13    Str: 27    XL:     14   Next: 46%
Magic:  0/16       EV: 10    Int:  4    God:    Okawaru [*****.]
Gold:   1387       SH: 11    Dex: 10    Spells: 13/13 levels left

rFire   + . .      SeeInvis +    b - +5 war axe of Dinguosa {flame, rCorr Dex-3 Stlth+}
rCold   . . .      Faith    .    r - +2 kite shield of the Beggar {Slay+2}
rNeg    . . .      Spirit   +    X - +0 swamp dragon scales
rPois   +          Reflect  .    U - +1 hat {SInv}
rElec   .          Harm     .    N - +1 cloak
rCorr   +          Rampage  .    (gloves unavailable)
Will    +....                    (boots unavailable)
Stlth   +++                      K - amulet of guardian spirit
HPRegen 1.23/turn                T - +4 ring of slaying
MPRegen 0.15/turn                S - ring of protection from fire

@: heroic
A: large, unfitting armour, claws 3, regeneration 1, shaggy fur 1, tough skin 1
a: Renounce Religion, Heroism, Finesse, Duel


You were on level 1 of the Depths.
You worshipped Okawaru.
Okawaru was extremely pleased with you.
You visited 3 branches of the dungeon, and saw 17 of its levels.
You also visited: Sewer.

You collected 1387 gold pieces.


Innate Abilities, Weirdness & Mutations

You are too large for most types of armour.
You have claws for hands.
Your natural rate of healing is unusually fast.
You are covered in fur. (AC +1)
You have tough skin. (AC +1)


   Skills:
 - Level 10.0(15.0) Fighting
 - Level 2.4(7.4) Dodging
 - Level 2.6(7.6) Shields
 + Level 21.8(26.8) Unarmed Combat
 - Level 5.0 Invocations


You had 13 spell levels left.
You didn't know any spells.
Your spell library contained the following spells:

 Spells                   Type           Power      Damage    Failure   Level
 Magic Dart               Conj           0%         1d3       86%         1
 Sandblast                Erth           0%         2d4       86%         1
 Shock                    Conj/Air       0%         1d3       86%         1
 Blink                    Tloc           0%         N/A       94%         2
 Cigotuvi's Dreadful Rot  Necr/Pois/Air  0%         N/A       94%         2
 Ensorcelled Hibernation  Hex/Ice        0%         N/A       94%         2
 Passwall                 Tmut/Erth      0%         N/A       94%         2
 Poisonous Vapours        Pois/Air       0%         N/A       94%         2
 Searing Ray              Conj           0%         2d4       94%         2
 Dazzling Flash           Conj/Hex       0%         N/A       99%         3
 Kindle Blastsparks       Fire/Tloc/Air  0%         2d10      99%         3
 Mephitic Cloud           Conj/Pois/Air  0%         N/A       99%         3
 Ozocubu's Armour         Ice            0%         N/A       99%         3
 Portal Projectile        Hex/Tloc       0%         N/A       99%         3
 Stone Arrow              Conj/Erth      0%         3d7       99%         3
 Swiftness                Air            0%         N/A       99%         3
 Airstrike                Air            0%         2d(0-16)  100%        4
 Fulminant Prism          Conj/Hex       0%         3d5       100%        4
 Iskenderun's Mystic Bla  Conj/Tloc      0%         2d3       100%        4
 Manifold Assault         Tloc           0%         N/A       100%        4
 Passage of Golubria      Tloc           0%         N/A       100%        4
 Blade Hands              Tmut           0%         N/A       100%        5
 Lee's Rapid Deconstruct  Erth           0%         3d4*      100%        5
 Metabolic Englaciation   Hex/Ice        0%         N/A       100%        5
 Silence                  Hex/Air        0%         N/A       100%        5
 Iron Shot                Conj/Erth      0%         9d1       100%        6
 Starburst                Conj/Fire      0%         6d3       100%        6
 Orb of Destruction       Conj           0%         9d5       100%        7
 Ozocubu's Refrigeration  Ice            0%         4d7       100%        7
 Storm Form               Tmut/Air       0%         N/A       100%        7
 Lehudib's Crystal Spear  Conj/Erth      0%         10d2      100%        8
 Summon Guardian Golem    Hex/Summ       Unusable   N/A       N/A         3
 Tukima's Dance           Hex            Unusable   N/A       N/A         3
 Animate Armour           Summ/Erth      Unusable   N/A       N/A         4
 Simulacrum               Ice/Necr       Unusable   N/A       N/A         6
 Spellforged Servitor     Conj/Summ      Unusable   N/A       N/A         7

Inventory:

Hand Weapons
 b - the +5 war axe of Dinguosa (weapon) {flame, rCorr Dex-3 Stlth+}

   Dex:       It affects your dexterity (-3).
   rCorr:     It protects you from acid and corrosion.
   Stlth:     It makes you more stealthy.
Missiles
 a - a throwing net {=f}
 L - 2 curare-tipped darts {=f}
 R - 11 large rocks (quivered) {=f}
Armour
 r - the +2 kite shield of the Beggar (worn) {Slay+2}

   Slay:      It affects your accuracy & damage with ranged weapons and melee
   (+2).
 N - a +1 cloak (worn)
 P - +0 acid dragon scales
 U - a +1 hat of see invisible (worn)
 X - +0 swamp dragon scales (worn)
Jewellery
 i - a ring of protection from cold
 J - a ring of protection from cold
 K - an amulet of guardian spirit (around neck)
 O - a ring of poison resistance
 S - a ring of protection from fire (right claw)
 T - a +4 ring of slaying (left claw)
Wands
 z - a wand of polymorph (12)
 B - a wand of flame (1)
 D - a wand of light (5)
 F - a wand of roots (14)
 W - a wand of mindburst (3)
Scrolls
 d - 2 scrolls of silence {!r}
 f - 3 scrolls of fear
 g - 3 scrolls of vulnerability {!r}
 l - 7 scrolls of teleportation {@r4}
 s - 3 scrolls of blinking
 u - 4 scrolls of immolation {!r}
 y - 2 scrolls of enchant weapon {unknown}
 C - 3 scrolls of magic mapping
 E - 2 scrolls of fog
 G - 2 scrolls of enchant armour
 M - a scroll of poison {!r}
 Q - a scroll of noise {unknown}
Potions
 c - 4 potions of might
 e - 2 potions of lignification {unknown}
 h - 2 potions of attraction {unknown}
 k - 4 potions of magic {unknown}
 m - 3 potions of haste {unknown}
 p - 3 potions of flight {unknown}
 q - 2 potions of brilliance {unknown}
 t - 4 potions of invisibility {unknown}
 v - 3 potions of resistance
 w - 4 potions of curing {unknown}
 x - 4 potions of heal wounds {@q2}
 A - 2 potions of mutation {unknown}
 H - 3 potions of degeneration {unknown}
 I - a potion of ambrosia {unknown}
 V - 2 potions of berserk rage {unknown}
Miscellaneous
 o - a tin of tremorstones (2/2)

Dungeon Overview and Level Annotations

Branches:
Dungeon (15/15)            Temple (1/1) D:6            Lair (0/5) D:10
    Orc (0/2) D:9          Vaults (0/5) D:13         Depths (1/4) D:15
  Sewer (visited)

Altars:
Ashenzari
Cheibriados
Dithmenos
Elyvilon
Fedhas
Gozag
Hepliaklqana
Kikubaaqudgha
Makhleb
Nemelex Xobeh
Okawaru
Qazlal
Ru
Sif Muna
Trog
Uskayaw
Vehumet
Wu Jian
Xom
Yredelemnul
Zin
The Shining One

Annotations:
D:9 exclusion: downstairs
D:10 exclusion: downstairs

..C ▒▒▒▒▒▒ ... ▒....▒ ▒.▒
▒....▒ ▒.▒▒
▒....▒▒▒▒..▒▒▒▒▒.
▒.....CC.C.......
▒.....▒▒▒▒'▒▒▒▒..
▒....▒▒......
..▒▒▒▒▒▒▒▒T▒▒▒▒.....▒
▒.▒▒.......▒.▒▒▒...▒▒
▒.▒▒.▒▒▒▒▒.▒..▒▒▒+▒▒ .
▒▒▒.▒▒.▒▒▒...▒...▒ .
▒........▒...'...+
.▒▒▒▒........▒.▒.▒...▒
.............▒)▒.▒..▒▒▒+▒▒
...........▒▒▒<▒.▒.▒▒▒...▒▒
.......▒...▒▒▒▒▒.▒▒▒▒.....▒


You could see a frost giant and a stone giant.


Message History

* * * LOW HITPOINT WARNING * * *
You stumble backwards!
You slice the fire dragon!! You burn the fire dragon.
The fire dragon is severely wounded.
You block the fire dragon's attack. The fire dragon claws you!
* * * LOW HITPOINT WARNING * * *
The fire dragon closely misses you.
You slice the fire dragon!! You burn the fire dragon.
The fire dragon is almost dead.
You block the fire dragon's attack. You block the fire dragon's attack.
The fire dragon tramples you but does no damage.
You block the fire dragon's attack.
The fire dragon claws you but does no damage.
The fire dragon tramples you but does no damage.
You slash the fire dragon!
You kill the fire dragon!
Okawaru accepts your kill.
The fire dragon scales are intact enough to wear.
The stone giant throws a large rock.
The large rock hits you!!
* * * LOW HITPOINT WARNING * * *
A stone giant comes into view.
Your life force feels restored.
The stone giant throws a large rock.
The large rock hits you!!
You die...

Action                     |  1- 3 |  4- 6 |  7- 9 | 10-12 | 13-15 || total
---------------------------+-------+-------+-------+-------+-------++-------
  Melee: Unarmed           |   100 |       |   172 |   545 |   256 ||  1073
         Mace              |    19 |    57 |    75 |       |       ||   151
         War axe           |       |       |       |       |    66 ||    66
  Throw: Large rock        |       |       |       |       |     4 ||     4
 Invoke: Heroism           |       |       |       |    11 |    18 ||    29
         Finesse           |       |       |       |     2 |       ||     2
  Evoke: Wand              |       |       |     1 |     9 |       ||    10
    Use: Scroll            |       |       |       |     1 |    14 ||    15
         Potion            |       |       |       |     2 |     3 ||     5
   Stab: Sleeping          |     1 |       |       |     1 |       ||     2
 Armour: Robe              |    33 |    14 |    45 |    33 |       ||   125
         Acid dragon scale |       |       |       |   160 |    98 ||   258
         Troll leather arm |       |       |       |    33 |       ||    33
         Swamp dragon scal |       |       |       |       |    42 ||    42
  Dodge: Dodged            |    39 |    19 |    66 |   206 |   109 ||   439
  Block: Kite shield       |    40 |    22 |   107 |   263 |   190 ||   622

Levels and vault maps discovered:
D:1:      lemuel_arrival_behind_the_door_large, layout_rooms
D:2:      layout_rooms
D:3:      layout_basic, nicolae_qazlal_eye_of_the_storm, minmay_cut_off
D:4:      layout_cave_pods, nemelex_xobeh_ov_fountains_minmay,
          portal_sewer_entry_b, uniq_eustachio, uniq_blork_the_orc
D:5:      layout_loops_ring, nicolae_overflow_hidden_temple,
          kennysheep_generic_room_16
D:6:      minmay_chambers_of_fours, layout_basic, ashenzari_altar_1,
          pdpol_wu_jian_five_deadly_venoms, mainiacjoe_overflow_brackets,
          minmay_temple_entry_enclosed_plants, uniq_duvessa, uniq_pikel
D:7:      layout_rooms, roderic_lattice_a, uniq_menkaure
D:8:      cheibrodos_two_vegetables, layout_basic, supply_closet_lemuel
D:9:      layout_roguey, lemuel_round_altar, david_orc_2,
          chequers_serial_rivers_micro_a
D:10:     layout_loops_corners, nicolae_overflow_quartered_altars,
          mainiacjoe_overflow_alcove_1, david_lair_generic, uniq_maurice,
          uniq_nergalle, uniq_harold
D:11:     minmay_angry_zag, layout_irregular_city, doesnt_xom_only_xom
D:12:     layout_rooms, uniq_rupert, uniq_jorgrun, uniq_gastronok
D:13:     layout_cross, david_vaults_4, kennysheep_pointless_box
D:14:     layout_irregular_city, uniq_lodul
D:15:     grunt_enter_depths_magical_seal, layout_layer_cave, pond
Temple:   eino_temple_lava
Depths:1: layout_basic, elyvilon_altar_1, abyss_entry_flame_altar,
          nicolae_trove_entry_crystal, grunt_mini_vestibule,
          nicolae_tso_carved_into_rock

Notes
Turn   | Place    | Note
-------+----------+-------------------------------------------
     0 | D:1      | sanka the Troll Fighter began the quest for the Orb.
     0 | D:1      | Reached XP level 1. HP: 22/22 MP: 0/0
    83 | D:1      | Reached XP level 2. HP: 29/29 MP: 1/1
    97 | D:1      | Reached skill level 3 in Fighting
   448 | D:2      | Reached skill level 3 in Unarmed Combat
   448 | D:2      | Reached XP level 3. HP: 14/37 MP: 2/2
   838 | D:3      | Identified the +10 mace of Embarrassment {flame, Str+2}
  1136 | D:3      | Found a stormy altar of Qazlal.
  1261 | D:3      | Reached XP level 4. HP: 40/45 MP: 3/3
  1450 | D:4      | Reached skill level 4 in Unarmed Combat
  1468 | D:4      | Found a glowing drain.
  1482 | Sewer    | Entered a sewer
  1550 | Sewer    | Reached XP level 5. HP: 53/53 MP: 4/4
  1673 | D:4      | Reached skill level 5 in Unarmed Combat
  1717 | D:4      | Noticed a phantom
  1724 | D:4      | Killed a phantom
  1775 | D:4      | Noticed Blork the orc
  1781 | D:4      | Killed Blork the orc
  1782 | D:4      | Reached skill level 6 in Unarmed Combat
  1782 | D:4      | Reached XP level 6. HP: 43/61 MP: 5/5
  1868 | D:4      | Noticed Eustachio
  1877 | D:4      | Killed Eustachio
  1878 | D:4      | Reached skill level 7 in Unarmed Combat
  1925 | D:4      | Reached XP level 7. HP: 67/67 MP: 6/6
  1992 | D:4      | Found a sparkling altar of Nemelex Xobeh.
  2304 | D:5      | Entered Level 5 of the Dungeon
  2362 | D:5      | Reached skill level 8 in Unarmed Combat
  2501 | D:5      | Reached skill level 9 in Unarmed Combat
  2778 | D:5      | Reached XP level 8. HP: 75/75 MP: 7/7
  2926 | D:5      | Found a hide-covered altar of Uskayaw.
  3271 | D:6      | Noticed Pikel
  3317 | D:6      | Killed Pikel
  3318 | D:6      | Reached skill level 10 in Unarmed Combat
  3318 | D:6      | Reached skill level 4 in Fighting
  3404 | D:6      | Found a broken altar of Ashenzari.
  3463 | D:6      | Reached skill level 5 in Fighting
  3577 | D:6      | Reached XP level 9. HP: 76/88 MP: 8/8
  3581 | D:6      | Reached skill level 11 in Unarmed Combat
  3735 | D:6      | Noticed Dowan
  3736 | D:6      | Noticed Duvessa
  3748 | D:6      | Killed Duvessa
  3751 | D:6      | Killed Dowan
  3826 | D:6      | Found an ornate altar of the Wu Jian Council.
  3956 | D:6      | Found a shadowy altar of Dithmenos.
  3996 | D:6      | Found a staircase to the Ecumenical Temple.
  4018 | Temple   | Entered the Ecumenical Temple
  4098 | Temple   | Became a worshipper of Warmaster Okawaru
  4155 | D:7      | Noticed Menkaure
  4161 | D:7      | Killed Menkaure
  4223 | D:7      | Reached skill level 12 in Unarmed Combat
  4293 | D:7      | Reached skill level 1 in Invocations
  4654 | D:7      | Reached skill level 2 in Invocations
  4838 | D:8      | Noticed a troll
  4850 | D:8      | Killed a troll
  4850 | D:8      | Reached * piety under Okawaru
  4994 | D:8      | Killed an unseen horror
  4995 | D:8      | Reached skill level 3 in Invocations
  5067 | D:8      | Reached XP level 10. HP: 86/96 MP: 9/11
  5177 | D:8      | Reached skill level 4 in Invocations
  5267 | D:8      | Reached ** piety under Okawaru
  5404 | D:8      | Reached skill level 13 in Unarmed Combat
  6120 | D:8      | Reached skill level 5 in Invocations
  6263 | D:9      | Paralysed by a hornet for 2 turns
  6334 | D:9      | Reached *** piety under Okawaru
  6429 | D:9      | Found a staircase to the Orcish Mines.
  6463 | D:9      | Reached skill level 14 in Unarmed Combat
  6693 | D:9      | Found a basalt altar of Yredelemnul.
  6805 | D:10     | Entered Level 10 of the Dungeon
  6811 | D:10     | Found a shimmering blue altar of Sif Muna.
  6853 | D:10     | Noticed Maurice
  6869 | D:10     | Killed Maurice
  6918 | D:10     | Reached **** piety under Okawaru
  7012 | D:10     | Found a sacrificial altar of Ru.
  7013 | D:10     | Found a radiant altar of Vehumet.
  7024 | D:10     | Found a burning altar of Makhleb.
  7044 | D:10     | Found a bloodstained altar of Trog.
  7103 | D:10     | Noticed Harold
  7113 | D:10     | Killed Harold
  7114 | D:10     | Reached skill level 15 in Unarmed Combat
  7114 | D:10     | Reached XP level 11. HP: 76/104 MP: 8/13
  7275 | D:10     | Noticed Nergalle
  7285 | D:10     | Killed Nergalle
  7286 | D:10     | Reached skill level 6 in Fighting
  7764 | D:10     | Found a staircase to the Lair.
  7848 | D:10     | Reached skill level 7 in Fighting
  8245 | D:11     | Reached ***** piety under Okawaru
  8255 | D:11     | Noticed a boulder beetle
  8257 | D:11     | Identified +0 acid dragon scales
  8273 | D:11     | Killed a boulder beetle
  8274 | D:11     | Reached skill level 8 in Fighting
  8291 | D:11     | Noticed a centaur warrior
  8308 | D:11     | Killed a centaur warrior
  8389 | D:11     | Received a gift from Okawaru
  8390 | D:11     | Reached skill level 9 in Fighting
  8903 | D:11     | Noticed a sixfirhy
  9093 | D:11     | Found an opulent altar of Gozag.
  9095 | D:11     | Found an ornate altar of the Wu Jian Council.
  9095 | D:11     | Found a shimmering blue altar of Sif Muna.
  9097 | D:11     | Found a white marble altar of Elyvilon.
  9097 | D:11     | Found a shimmering blue altar of Sif Muna.
  9097 | D:11     | Found a shimmering altar of Xom.
  9293 | D:12     | Reached skill level 10 in Fighting
  9298 | D:12     | Reached XP level 12. HP: 103/122 MP: 10/14
  9505 | D:12     | Noticed Gastronok
  9522 | D:12     | Noticed Jorgrun
  9555 | D:12     | Noticed a boulder beetle
  9595 | D:11     | Killed a boulder beetle
  9834 | D:12     | Killed Jorgrun
  9835 | D:12     | Reached skill level 16 in Unarmed Combat
  9996 | D:12     | Noticed Rupert
 10027 | D:12     | Killed Rupert
 10115 | D:12     | Reached skill level 17 in Unarmed Combat
 10162 | D:12     | Killed Gastronok
 10312 | D:13     | Noticed a centaur warrior
 10464 | D:12     | Killed a centaur warrior
 10464 | D:12     | Received a gift from Okawaru
 10796 | D:13     | Reached skill level 18 in Unarmed Combat
 10845 | D:13     | Reached XP level 13. HP: 133/133 MP: 15/15
 11099 | D:15     | Entered Level 15 of the Dungeon
 11253 | D:15     | Identified a scroll of acquirement
 11255 | D:15     | Acquired the +2 kite shield of the Beggar {Slay+2}
 11552 | D:15     | Reached skill level 19 in Unarmed Combat
 12249 | D:13     | Noticed an ettin
 12257 | D:13     | Killed an ettin
 12257 | D:13     | Received a gift from Okawaru
 12469 | D:13     | Found a gate to the Vaults.
 12474 | D:13     | Identified the +3 war axe "Nolorgh" {freeze, rF+ Will++
                  | Int-2}
 12707 | D:14     | Reached skill level 20 in Unarmed Combat
 12855 | D:14     | Noticed Lodul
 12900 | D:14     | Killed Lodul
 13176 | D:14     | Received a gift from Okawaru
 13562 | D:15     | Identified the +5 war axe of Dinguosa {flame, rCorr Dex-3
                  | Stlth+} (Okawaru gifted it to you on level 15 of the
                  | Dungeon)
 13562 | D:15     | Received a gift from Okawaru
 13688 | D:15     | Reached XP level 14. HP: 113/143 MP: 12/16
 13784 | D:15     | Identified +0 swamp dragon scales
 13868 | D:15     | Reached skill level 21 in Unarmed Combat
 13964 | D:15     | Found a staircase to the Depths.
 14707 | Depths:1 | Entered Level 1 of the Depths
 14795 | Depths:1 | Noticed a fire giant
 15077 | Depths:1 | Killed a fire giant
 15242 | Depths:1 | HP: 8/143 [iron troll (18)]
 15377 | Depths:1 | Noticed a stone giant
 15378 | Depths:1 | Noticed a frost giant
 15385 | Depths:1 | Identified +0 fire dragon scales
 15385 | Depths:1 | HP: 6/142 [stone giant/large rock (23)]
 15385 | Depths:1 | Noticed a stone giant
 15388 | Depths:1 | Hit by a large rock thrown by a stone giant

Vanquished Creatures
  Jorgrun (D:12)
  Rupert (D:12)
  Gastronok (D:12)
  A fire giant (Depths:1)
  A blizzard demon (Depths:1)
  An ettin (D:13)
  A fire dragon (Depths:1)
  2 ice dragons
  2 hydras
  Harold (D:10)
  4 centaur warriors
  4 boulder beetles
  A spriggan berserker (D:15)
  A soul eater (Depths:1)
  Nergalle (D:10)
  An iron troll (Depths:1)
  Lodul (D:14)
  17 skeletal warriors
  A wizard (D:15)
  Pikel (D:6)
  3 deep elf zephyrmancers (D:15)
  A necromancer (D:15)
  3 deep elf pyromancers
  A harpy (shapeshifter) (D:15)
  2 swamp dragons (D:15)
  3 cyclopes
  3 manticores
  13 ugly things
  An elephant (D:10)
  Maurice (D:10)
  3 unseen horrors
  5 komodo dragons
  6 kobold demonologists
  A centaur skeleton (D:15)
  A harpy zombie (D:15)
  3 meliai (D:15)
  3 trolls
  A hornet (D:9)
  3 slime creatures (D:13)
  A centaur simulacrum (D:15)
  5 shadows
  Eustachio (D:4)
  7 wraiths
  14 yaks
  2 basilisks
  A human (shapeshifter) (D:13)
  14 vampire mosquitoes
  Menkaure (D:7)
  2 acid dragons
  A water moccasin (D:7)
  Duvessa (D:6)
  5 black bears
  5 orc warriors
  8 ogres (D:14)
  2 phantoms
  3 lemures (D:6)
  13 centaurs
  5 kobold brigands
  Blork the orc (D:4)
  5 bullfrogs
  A gnoll sergeant (D:11)
  A necrophage (D:6)
  2 scorpions
  7 wights
  Dowan (D:6)
  3 killer bees
  5 howler monkeys
  6 electric eels (D:8)
  3 hounds
  7 orc priests
  A gnoll bouda (D:5)
  2 iguanas
  3 jellies
  11 orc wizards
  A hell rat (Sewer)
  3 gnolls (D:5)
  6 adders
  3 river rats (Sewer)
  A shadow imp (D:7)
  A white imp (D:8)
  2 ufetubi
  2 worms (D:2)
  A dart slug (D:4)
  47 orcs
  4 endoplasms
  4 giant cockroaches
  4 goblins
  6 hobgoblins
  3 jackals
  A quokka (D:3)
  9 ball pythons
  4 bats
  4 frilled lizards
  25 kobolds
  13 rats
395 creatures vanquished.

Vanquished Creatures (others)
  A manticore (D:15)
  3 fungi
  8 plants
12 creatures vanquished.

Grand Total: 407 creatures vanquished
